Map: Dash and Terminal LE (Void)

Players

CaNaLLo - Winner!

  • Race: Zerg Zerg
  • League: Grandmaster

wabbajack

  • Race: Zerg Zerg
  • League: Grandmaster

VOD

Have the link to the VOD?

Description

Time

  • Played on: July 14, 2015, 3:13 p.m.
  • Length: 5:36
Show
View Real Time Build Order
Export as new Build Order

CaNaLLo Zerg - Winner!

Build Orders: Hatch First, Zergling Baneling 

Get SALT Encoding   

  12  0:01  Drone  
  13  0:12  Overlord  
  13  0:18  Drone  
  14  0:31  Drone x2  
  16  0:37  Drone  
  17  0:47  Drone  
  18  1:01  Hatchery  
  18  1:03  Extractor  
  16  1:13  Spawning Pool  
  16  1:15  Drone  
  16  1:18  Drone  
  17  1:22  Drone  
  18  1:34  Overlord  
  18  2:01  Baneling Nest, Queen  
  17  2:03  Zergling x2  
  20  2:12  Zergling x2  
  20  2:13  Zergling x2  
  20  2:15  Queen  
  23  2:26  Zergling x2  
  24  2:57  Baneling x4  
  24  2:59  Zergling x12  
  30  3:19  Drone x2  
  33  3:20  Drone x4  
  36  3:27  Metabolic Boost  
  36  3:43  Overlord x2  
  36  3:50  Baneling x2  
  36  3:58  Overlord  
  36  4:16  Zergling x2  
  35  4:17  Zergling x16  
  42  4:30  Baneling x4  
  42  4:32  Zergling x6  
  39  5:01  Zergling x2  
  39  5:02  Zergling x10  
  39  5:05  Baneling x4  
Show
View Real Time Build Order
Export as new Build Order

wabbajack Zerg 

Build Orders: Pool First 

Get SALT Encoding   

  12  0:01  Drone  
  13  0:12  Extractor  
  12  0:25  Spawning Pool  
  11  0:29  Drone  
  11  0:34  Drone  
  13  0:39  Drone  
  14  0:53  Overlord  
  14  1:14  Zergling x6  
  17  1:19  Queen  
  19  1:26  Metabolic Boost  
  19  1:33  Zergling x2  
  20  1:46  Overlord  
  20  1:51  Drone  
  21  1:58  Drone  
  21  2:33  Hatchery, Drone x2  
  22  2:47  Queen  
  24  2:52  Hatchery  
  22  3:09  Overlord  
  22  3:13  Drone x3  
  22  3:17  Drone x3  
  28  3:21  Overlord  
  28  3:48  Drone x7  
  35  4:05  Queen  
  33  4:17  Zergling x18  
  36  4:27  Roach Warren  
  26  4:55  Zergling x2  
  27  5:01  Extractor  
  27  5:02  Zergling x2  
  27  5:03  Zergling x14  
Tags
 
Add a new tag
Caveats
  • Supply blocks, unpowered buildings, or Contaminate may cause inaccurate times.
  • Supply counts are checked every 10 seconds.